 Dungeon Crawl Stone Soup version 0.21-a0-84-g85d6d27 (webtiles) character file.

164 smhtbhfam the Cudgeler (level 5, -1/45 HPs)
             Began as an Ogre Skald on June 24, 2017.
             Killed from afar by an orc wizard (13 damage)
             ... with a puff of flame
             ... on level 3 of the Dungeon.
             The game lasted 00:17:54 (2173 turns).

smhtbhfam the Cudgeler (Ogre Skald)                 Turns: 2173, Time: 00:17:55

Health: -1/45      AC:  3    Str: 15    XL:     5   Next: 45%
Magic:  0/8        EV: 10    Int: 14    God:
Gold:   110        SH:  6    Dex:  9    Spells: 2/8 levels left

rFire    . . .     SeeInvis .   a - +0 mace
rCold    . . .     Gourm    .   (no shield)
rNeg     . . .     Faith    .   b - +0 robe
rPois    .         Spirit   .   (helmet restricted)
rElec    .         Reflect  +   (no cloak)
rCorr    .         Harm     .   (gloves unavailable)
MR       .....                  (boots unavailable)
Stlth    +.........             s - +6 amulet of reflection
HPRegen  0.15/turn              (no ring)
MPRegen  0.11/turn              (no ring)

@: shrouded (expiring), infused, very slightly contaminated
A: unfitting armour, frail 1, tough skin 1, wild magic 1
a: no special abilities


You were on level 3 of the Dungeon.
You were hungry.

You visited 1 branch of the dungeon, and saw 4 of its levels.

You collected 110 gold pieces.

Inventory:

Hand Weapons
 a - a +0 mace (weapon)
Missiles
 e - 110 stones (quivered)
 h - 3 javelins
 o - 5 steel javelins
Armour
 b - a +0 robe (worn)
Jewellery
 s - a +6 amulet of reflection (around neck)
Scrolls
 g - 2 scrolls of identify {unknown}
 j - 3 scrolls of fear {unknown}
 k - a scroll of random uselessness {unknown}
 l - a scroll of enchant armour {unknown}
 m - 2 scrolls of remove curse {unknown}
 r - a scroll of fog {unknown}
 t - a scroll of teleportation {unknown}
Potions
 i - 2 potions of agility
 n - a potion of magic {unknown}
 p - a potion of curing {unknown}
Books
 c - a book of Battle

   Spells                             Type                      Level
   a - Infusion                       Charms                       1
   b - Shroud of Golubria             Charms/Translocation         2
   c - Song of Slaying                Charms                       2
   d - Spectral Weapon                Hexes/Charms                 3
   e - Regeneration                   Charms/Necromancy            3
Comestibles
 d - 3 bread rations
 f - 2 chunks of flesh
 q - a meat ration


   Skills:
 - Level 2.6 Fighting
 * Level 4.9 Maces & Flails
 - Level 2.1 Dodging
 - Level 2.4 Spellcasting
 - Level 0.3 Hexes
 - Level 2.6 Charms


You had 2 spell levels left.
You knew the following spells:

 Your Spells              Type           Power        Failure   Level  Hunger
a - Infusion              Chrm           ##..         12%         1    #......
b - Shroud of Golubria    Chrm/Tloc      #.........   28%         2    ###....
c - Spectral Weapon       Hex/Chrm       #.......     45%         3    ###....


Dungeon Overview and Level Annotations

Branches:
Dungeon (4/15)
 Temple: D:4-7

Altars:
Yredelemnul

Annotations:
D:2 Sigmund
D:3 2 transporters (smiters, scroll, wand), exclusion: upstairs


Innate Abilities, Weirdness & Mutations

You are too large for most types of armour.
You have tough skin. (AC +1)
You are frail. (-10% HP)
Your spells are a little harder to cast, but a little more powerful.


Message History

You hear some strange, mumbled words.
A magic dart appears from out of thin air!
The magic dart hits you! Something hits you but does no damage.
Casting: Shroud of Golubria
Confirm with . or Enter, or press ? or * to list all spells.
You begin infusing your attacks with magical energy.
Something hits you but does no damage.
You closely miss something.
Your shroud begins to fray at the edges.
Your shroud bends something's attack away. x2
You are feeling hungry.
You closely miss something.
You hear some strange, mumbled words.
A magic dart appears from out of thin air!
The magic dart hits you! Something hits you but does no damage.
You barely miss something.
You hear some strange, mumbled words.
A puff of flame appears from out of thin air!
The puff of flame hits you!
You die...

+..# ##>## #..'....)..#######....
#..#########..####.........##....
......#.# #...# ###÷......##....
........###...# #.......##....
......###.....# #.......##....
#########.....## ###..#####....
### #.........# ##.## #....
..####.........########..####....
.....[.........{@†..........'....
#.####.........#########..###....
#.# #......................###'#
#'## ########...............# #.#
...######## #...............###..
..........###....................
...................###...........
...................# #...........
.............?.....# ######.###'#


There were no monsters in sight!

Vanquished Creatures
  Natasha (twice) (D:3)
  4 adders (D:3)
  2 oozes
  5 worms
  3 dart slugs (D:4)
  A leopard gecko (D:2)
  2 orcs (D:3)
  3 giant cockroaches
  6 goblins
  4 hobgoblins
  4 kobolds
  A quokka (D:2)
  2 ball pythons (D:2)
  4 bats (D:3)
  3 frilled lizards
  3 rats
49 creatures vanquished.

Notes
Turn   | Place    | Note
-------+----------+-------------------------------------------
     0 | D:1      | smhtbhfam the Ogre Skald began the quest for the Orb.
     0 | D:1      | Reached XP level 1. HP: 22/22 MP: 3/3
     0 | D:1      | the RNG chose the nu-ogre cancer
     0 | D:1      | oh well
     0 | D:1      | at least i get a starting mace
     0 | D:1      | and 8 dex
     0 | D:1      | jesus
    18 | D:1      | Reached skill level 2 in Maces & Flails
   287 | D:1      | Reached XP level 2. HP: 25/29 MP: 5/5
   323 | D:1      | Learned a level 2 spell: Shroud of Golubria
   537 | D:2      | Reached skill level 3 in Maces & Flails
   589 | D:2      | Reached XP level 3. HP: 25/36 MP: 3/6
   629 | D:2      | Learned a level 3 spell: Spectral Weapon
   744 | D:2      | Noticed Sigmund
   756 | D:2      | Gained mutation: You are frail. (-10% HP) [potion of mutation]
   756 | D:2      | Gained mutation: Your spells are a little harder to cast, but a little more powerful. [potion of mutation]
   815 | D:3      | son of a bitch
  1127 | D:3      | Reached XP level 4. HP: 24/39 MP: 0/7
  1204 | D:3      | Found a transporter.
  1228 | D:3      | Found a transporter.
  1244 | D:3      | Noticed Natasha
  1260 | D:3      | Killed Natasha
  1260 | D:3      | Reached skill level 4 in Maces & Flails
  1455 | D:2      | Found a basalt altar of Yredelemnul.
  1657 | D:3      | SH+6 amulet, nice
  1700 | D:3      | fuck my mutations though
  1700 | D:3      | wild magic is GOOOOOOD, remember
  1700 | D:3      | Noticed Natasha
  1714 | D:3      | Killed Natasha
  1714 | D:3      | Reached XP level 5. HP: 21/45 MP: 1/8
  2173 | D:3      | Killed from afar by an orc wizard

Vault maps used:
D:1:      dpeg_arrival_simpleton_c, roderic_lattice_a
D:2:      lemuel_coloured_pillars_altar, uniq_sigmund
D:3:      gammafunk_wand_slinger, nicolae_overflow_hidden_temple, first_bread,
          uniq_natasha
D:4:      kennysheep_slugbush, fedhas_altar_fruit_tree

Skill      XL: |  1  2  3  4 |
---------------+-------------+-----
Maces & Flails | 2 3 4 |  4.9
Fighting       | |  2.6
Dodging        | |  2.1
Spellcasting   | |  2.4
Hexes          | |  0.3
Charms         | |  2.6

Action                   |  1- 3 |  4- 6 || total
-------------------------+-------+-------++-------
Melee: Mace              |   109 |    94 ||   203
Throw: Stone             |     9 |       ||     9
 Cast: Infusion          |     6 |     7 ||    13
       Shroud of Golubri |     2 |     5 ||     7
  Use: Potion            |     4 |       ||     4
  Eat: Chunk             |     2 |     5 ||     7
Armor: Robe              |    27 |    22 ||    49
       Skin              |    27 |       ||    27
Dodge: Dodged            |    65 |    34 ||    99
Block: Other             |       |    17 ||    17
